 Dungeon Crawl Stone Soup version 0.28.0-53-g5a82cb258f (webtiles) character file.

Game seed: 75269137136535806

357 Eitelfritz the Chucker (level 6, 0/57 HPs)
             Began as a Troll Hunter on May 29, 2022.
             Slain by Pikel
             ... wielding a +1 whip of flaming
              (1 damage)
             ... on level 4 of the Dungeon.
             The game lasted 00:08:58 (2573 turns).

Eitelfritz the Chucker (Troll Hunter)               Turns: 2573, Time: 00:09:28

Health: 0/57       AC:  5    Str: 23    XL:     6   Next: 36%
Magic:  5/5        EV: 10    Int:  7    God:
Gold:   56         SH:  0    Dex: 10    Spells: 5/5 levels left

rFire   . . .      SeeInvis .     - Unarmed
rCold   . . .      Faith    .   (no shield)
rNeg    . . .      Spirit   .   b - +0 robe
rPois   .          Reflect  .   (helmet restricted)
rElec   .          Harm     .   c - +0 cloak
rCorr   .          Rampage  .   (gloves unavailable)
Will    .....                   (boots unavailable)
Stlth   +.........              (no amulet)
HPRegen 0.99/turn               (no ring)
MPRegen 0.09/turn               (no ring)

@: no status effects
A: large, unfitting armour, claws 3, regeneration 1, shaggy fur 1, tough skin 1
a: no special abilities


You were on level 4 of the Dungeon.
You visited 1 branch of the dungeon, and saw 4 of its levels.

You collected 95 gold pieces.
You spent 39 gold pieces at shops.

Inventory:

Hand Weapons
 a - a +0 short sword
 g - a +0 morningstar of draining
Missiles
 d - 2 throwing nets
 h - a large rock (quivered)
 o - 8 poisoned darts
Armour
 b - a +0 robe (worn)
 c - a +0 cloak (worn)
 m - an orb of wrath
Jewellery
 n - a ring of wizardry
 t - a +6 ring of strength
Wands
 r - a wand of polymorph (6)
Scrolls
 j - a scroll of enchant armour {unknown}
 k - 2 scrolls of identify {unknown}
 l - 2 scrolls of blinking {unknown}
 q - a scroll of acquirement {unknown}
 s - a scroll of noise {unknown}
Potions
 e - a potion of curing
 f - 2 potions of invisibility {unknown}
 i - a potion of lignification {unknown}
 p - a potion of mutation {unknown}


   Skills:
 + Level 2.3 Fighting
 + Level 4.9 Throwing
 + Level 3.0 Dodging
 + Level 0.8 Stealth
 + Level 3.2 Unarmed Combat


You had 5 spell levels left.
You didn't know any spells.
Your spell library contained the following spells:

 Spells                   Type           Power      Damage    Failure   Level
 Slow                     Hex            0%         N/A       43%         1
 Confusing Touch          Hex            0%         N/A       80%         3
 Vampiric Draining        Necr           0%         2d6       80%         3


Dungeon Overview and Level Annotations

Branches:
Dungeon (4/15)
 Temple: D:4-7

Altars:
Ashenzari
Gozag
Trog
Vehumet

Shops:
D:2 :   D:3 !   D:4 *

Annotations:
D:4 Pikel


Innate Abilities, Weirdness & Mutations

You are too large for most types of armour.
You have claws for hands.
Your natural rate of healing is unusually fast.
You are covered in fur. (AC +1)
You have tough skin. (AC +1)


Message History

Pikel burns you. The dart slug launches a dart at you.
The slug dart hits you but does no damage.
You scratch Pikel.
Pikel is lightly wounded.
The hobgoblin barely misses you.
Pikel hits you with a +1 whip of flaming.
Pikel burns you.
You claw Pikel!
Pikel is moderately wounded.
The hobgoblin barely misses you. The dart slug launches a dart at you.
The slug dart misses you.
Pikel hits you with a +1 whip of flaming!
Pikel burns you.
You completely miss Pikel.
Pikel is moderately wounded.
The hobgoblin hits you.
* * * LOW HITPOINT WARNING * * *
Pikel hits you with a +1 whip of flaming.
* * * LOW HITPOINT WARNING * * *
Pikel burns you.
* * * LOW HITPOINT WARNING * * *
You closely miss Pikel.
Pikel is moderately wounded.
The hobgoblin hits you but does no damage.
Pikel barely misses you.
You feel better. The hobgoblin hits you.
* * * LOW HITPOINT WARNING * * *
Pikel hits you with a +1 whip of flaming!
* * * LOW HITPOINT WARNING * * *
Pikel burns you.
* * * LOW HITPOINT WARNING * * *
You scratch Pikel. You claw Pikel!
Pikel is severely wounded.
The hobgoblin barely misses you.
Pikel hits you with a +1 whip of flaming.
* * * LOW HITPOINT WARNING * * *
Pikel burns you.
You die...

... #..
#..## #=..#
#.#.#
###.8.###
##(......##
#8.>K@g<.8#
##.......##
####8w#.#
##.#.#
#.#.# #.#g#
..#.( #.#..


You could see Pikel, a dart slug and a hobgoblin.

Vanquished Creatures
  Sigmund (D:3)
  4 lemures (D:3)
  An orc wizard (D:3)
  Natasha (twice) (D:3)
  A statue (D:3)
  Robin (D:1)
  An adder (D:1)
  A dart slug (D:1)
  3 orcs (D:3)
  2 endoplasms (D:1)
  3 giant cockroaches (D:1)
  16 goblins
  11 hobgoblins
  3 quokkas
  6 ball pythons
  3 bats
  5 kobolds
  6 rats (D:1)
70 creatures vanquished.

Notes
Turn   | Place    | Note
-------+----------+-------------------------------------------
     0 | D:1      | Eitelfritz the Troll Hunter began the quest for the Orb.
     0 | D:1      | Reached XP level 1. HP: 19/19 MP: 0/0
    78 | D:1      | Reached skill level 4 in Throwing
    80 | D:1      | Reached XP level 2. HP: 27/27 MP: 1/1
   382 | D:1      | Reached XP level 3. HP: 33/35 MP: 2/2
   780 | D:2      | Noticed Robin
   856 | D:1      | Reached skill level 1 in Unarmed Combat
   895 | D:1      | Killed Robin
   896 | D:1      | Reached XP level 4. HP: 36/42 MP: 3/3
   936 | D:2      | Found Ummaext's Book Shoppe.
  1250 | D:2      | Found an opulent altar of Gozag.
  1556 | D:3      | Found Epohokuf's Distillery.
  1564 | D:3      | Bought a potion of curing for 39 gold pieces
  1752 | D:3      | Noticed Sigmund
  1785 | D:3      | Killed Sigmund
  1786 | D:3      | Reached XP level 5. HP: 10/49 MP: 4/4
  1902 | D:3      | Found a radiant altar of Vehumet.
  1902 | D:3      | Noticed a charred statue
  1905 | D:3      | Killed a charred statue
  1906 | D:3      | Reached XP level 6. HP: 50/57 MP: 5/5
  2037 | D:3      | Found a broken altar of Ashenzari.
  2076 | D:3      | Found a bloodstained altar of Trog.
  2303 | D:3      | Noticed Natasha
  2312 | D:3      | Killed Natasha
  2398 | D:3      | Noticed Natasha
  2407 | D:3      | Killed Natasha
  2458 | D:4      | Noticed Pikel
  2458 | D:4      | Found Ciobont's General Store.
  2572 | D:4      | HP: 1/57 [Pikel/+1 whip of flaming (5)]
  2573 | D:4      | Slain by Pikel

Illustrated notes

Levels and vault maps discovered:
D:1:      roderic_dead_forest, layout_basic
D:2:      layout_basic, basic_altar, serial_shops, shop, uniq_robin
D:3:      layout_basic, nicolae_ashenzari_skybound, trog_three_pillars_becter,
          vehumet_statue, serial_shops, shop, serial_curves, eino_curves_02,
          eino_curves_02, eino_curves_01, uniq_sigmund, uniq_natasha
D:4:      layout_loops_ring, mainiacjoe_overflow_six_doors_small,
          general_overflow_altar, lemuel_temple_firewalk_b, serial_shops,
          nicolae_stop_n_shop_2, uniq_edmund, uniq_pikel

Skill      XL: |  1  2  3  4  5  6 |
---------------+-------------------+-----
Throwing       | 4 |  4.9
Dodging        | 2 3 |  3.0
Unarmed Combat | 1 2 3 |  3.2
Fighting       | 2 |  2.3
Stealth        | |  0.8

Action                   |  1- 3 |  4- 6 || total
-------------------------+-------+-------++-------
Melee: Unarmed           |    86 |    97 ||   183
       Punch             |     2 |     2 ||     4
Throw: Large rock        |    26 |    26 ||    52
       Throwing net      |     2 |       ||     2
  Use: Potion            |       |     1 ||     1
Armor: Robe              |    53 |    35 ||    88
Dodge: Dodged            |    76 |    31 ||   107
